 Dungeon Crawl Stone Soup version 0.26-a0-651-gb41185065b (webtiles) character file.

Game seed: 6660711565121528691

(classic levelgen) 2540 EnegeticOcto the Cleaver (level 9, -8/81 HPs)
             Began as a Deep Dwarf Fighter on Oct 9, 2020.
             Was an Initiate of Makhleb.
             Mangled by an orc warrior
             ... wielding a +0 long sword
              (19 damage)
             ... on level 8 of the Dungeon.
             The game lasted 00:02:58 (3560 turns).

EnegeticOcto the Cleaver (Deep Dwarf Fighter)       Turns: 3560, Time: 00:02:59

Health: -8/81      AC: -4    Str: 22    XL:     9   Next: 30%
Magic:  5/5        EV:  3    Int: 10    God:    Makhleb [......]
Gold:   223        SH:  0    Dex:  8    Spells: 8/8 levels left

rFire    . . .     SeeInvis .   a - +0 war axe
rCold    . . .     Faith    .   k - +2 tower shield
rNeg     . . .     Spirit   .   s - +0 plate armour
rPois    .         Reflect  .   i - +0 helmet
rElec    .         Harm     .   b - +0 cloak
rCorr    .         Rampage  .   (no gloves)
MR       +....                  (no boots)
Stlth    ..........             (no amulet)
HPRegen  0.00/turn              c - -4 ring of dexterity (curse)
MPRegen  0.09/turn              (no ring)

@: confused, corroded, non-regenerating
A: damage resistance, heal wounds, sense surroundings 2, no regeneration
a: Heal Wounds, Renounce Religion


You were on level 8 of the Dungeon.
You worshipped Makhleb.
Makhleb was noncommittal.
You visited 2 branches of the dungeon, and saw 9 of its levels.

You collected 223 gold pieces.

Inventory:

Hand Weapons
 a - a +0 war axe (weapon)
Missiles
 e - 2 throwing nets (quivered)
Armour
 b - a +0 cloak (worn)
 i - a +0 helmet (worn)
 k - a +2 tower shield (worn)
 s - a +0 plate armour (worn)
Jewellery
 c - a cursed -4 ring of dexterity (left hand)
Wands
 q - a wand of iceblast (9) {@v2}
Scrolls
 f - 2 scrolls of enchant weapon
 n - a scroll of remove curse {unknown}
 p - a scroll of magic mapping {@r5}
Potions
 d - 2 potions of might {@q3}
 g - a potion of cancellation
 j - a potion of lignification {@q7}
 l - 2 potions of curing {@q1}
 m - a potion of mutation
 o - a potion of magic
 v - 2 potions of ambrosia {unknown}


   Skills:
 + Level 5.5 Fighting
 * Level 8.5 Axes
 + Level 6.6 Armour
 * Level 8.1 Shields
 + Level 1.9 Invocations


You had 8 spell levels left.
You didn't know any spells.
Your spell library was empty.

Dungeon Overview and Level Annotations

Branches:
Dungeon (8/15)             Temple (1/1) D:7
   Lair: D:8-11

Altars:
Ashenzari
Cheibriados
Dithmenos
Elyvilon
Fedhas
Gozag
Hepliaklqana
Kikubaaqudgha
Makhleb
Nemelex Xobeh
Okawaru
Qazlal
Ru
Sif Muna
Trog
Uskayaw
Vehumet
Wu Jian
Xom
Yredelemnul
Zin
The Shining One

Shops:
D:6 *   D:7 !

Annotations:
D:6 1 runed translucent door, Crazy Yiuf


Innate Abilities, Weirdness & Mutations

You are resistant to damage.
You can heal yourself by infusing magical energy.
You passively map the area around you.
You do not regenerate.


Message History

The orc wizard hits you but does no damage.
You hit the orc wizard but do no damage.
The orc wizard is severely wounded.
You hit the jelly but do no damage.
Your hands burn!
You block the jelly's attack. You block the orc wizard's attack.
You block the jelly's attack.
You completely miss the orc wizard.
The orc wizard is severely wounded.
Your plate armour prevents you from hitting the jelly.
You block the orc wizard's attack.
The orc wizard hits you but does no damage.
You block the jelly's attack.
You feel much better. You block the orc wizard's attack.
You block the jelly's attack. You block the orc wizard's attack.
You closely miss the orc wizard.
The orc wizard is severely wounded.
You hit the jelly but do no damage.
Your hands burn!
You block the orc wizard's attack. The jelly barely misses you.
You feel much better.
The orc wizard casts a spell.
The orc wizard blinks!
You block the jelly's attack.
The orc wizard casts a spell.
The orc wizard blinks!
You block the orc wizard's attack. You block the orc wizard's attack.
An orc wizard comes into view. It is wielding a +0 dagger.
Evoke which item? (* to show all) (? for menu, Esc to quit)
Aiming: Iceblast
Press: ? - help, Shift-Dir - straight line, f - orc wizard
Aim: an orc wizard, wielding a +0 dagger and wearing a +0 robe (severely wounded, fast) That beam is likely to hit you.
Continue anyway?
The mass of ice explodes!
The iceblast engulfs the orc wizard!!
You kill the orc wizard!
Makhleb accepts your kill. The iceblast engulfs you!
The iceblast engulfs the jelly!
You kill the jelly!
Makhleb accepts your kill.
The orc wizard shouts!
You hear a shout!
Things that are here:
a cursed +0 dagger; a +0 robe Your shield and plate armour prevent you from hitting the orc wizard.
You hit the orc warrior. You block the orc warrior's attack.
You block the orc wizard's attack.
Your plate armour prevents you from hitting the orc wizard.
You hit the orc warrior but do no damage.
You block the orc warrior's attack.
The orc wizard hits you but does no damage.
You hit the orc wizard but do no damage.
You completely miss the orc warrior. You block the orc wizard's attack.
You block the orc warrior's attack.
You closely miss the orc wizard.
Your plate armour prevents you from hitting the orc warrior.
You block the orc wizard's attack. You block the orc warrior's attack.
The orc wizard hits you with a +0 dagger.
You feel much better. You block the orc warrior's attack.
You block the orc wizard's attack.
You hit the orc wizard but do no damage.
You hit the orc warrior but do no damage.
A centaur comes into view.
You block the orc warrior's attack.
The orc wizard hits you with a +0 dagger.
You hit the orc wizard but do no damage.
Your plate armour prevents you from hitting the orc warrior.
You block the orc warrior's attack. You block the orc wizard's attack.
You hit the orc wizard but do no damage.
You hit the orc warrior but do no damage.
You block the orc wizard's attack.
The orc warrior hits you with a +0 long sword!!
You barely miss the orc wizard. You closely miss the orc warrior.
The orc wizard gestures at you while chanting.
The puff of flame hits you.
The orc warrior hits you with a +0 long sword!!
The orc wizard hits you with a +0 dagger.
You hit the orc wizard but do no damage.
You closely miss the orc warrior. You block the orc warrior's attack.
You block the orc wizard's attack.
You slash the orc wizard!
The orc wizard is heavily wounded.
You hit the orc warrior.
The orc warrior hits you with a +0 long sword!!
* * * LOW HITPOINT WARNING * * *
The orc wizard points at you and mumbles some strange words.
You are confused.
You bump into the rock wall.
The orc warrior barely misses you. The orc wizard barely misses you.
You hit the orc wizard.
The orc wizard is heavily wounded.
You closely miss the orc warrior.
The orc wizard hits you with a +0 dagger.
* * * LOW HITPOINT WARNING * * *
The orc warrior hits you with a +0 long sword.
* * * LOW HITPOINT WARNING * * *
You bump into the rock wall.
The orc wizard hits you with a +0 dagger.
You're too confused!
You're too confused!
You're too confused!
You bump into the rock wall.
The orc warrior hits you with a +0 long sword!!
You die...

* #.# *, * *
.. #.# *
,,... #.# **
#.###.#####
...#..†..#
**#.#####.#
###...# #.#
...#.###o#
#.###.#.co@.#
#........####
#####.##.#
#.....#.#
*#####
#.#.....#
...#
#.#.#####
*#.###.#†# *
#.....#.#
###.......#


You could see an orc warrior, a centaur and an orc wizard.

Vanquished Creatures
  Eustachio (D:4)
  Menkaure (D:4)
  Duvessa (D:4)
  A sky beast (D:6)
  An orc warrior (D:6)
  3 phantoms
  2 ogres
  A centaur (D:5)
  A necrophage (D:8)
  A bullfrog (D:6)
  Dowan (D:4)
  A scorpion (D:5)
  6 killer bees (D:8)
  2 howler monkeys (D:7)
  2 hounds
  A quasit (D:6)
  A bullfrog zombie (D:5)
  A jelly (D:8)
  An orc priest (D:3)
  2 gnoll shamans
  6 orc wizards
  2 bullfrog skeletons
  2 iguanas
  3 worker ants
  A killer bee zombie (D:6)
  A hound zombie (D:7)
  2 worker ant zombies
  Robin (D:4)
  12 gnolls
  3 adders
  A shadow imp (D:6)
  3 white imps
  2 ufetubi (D:5)
  An adder skeleton (D:5)
  17 orcs
  A giant cockroach (D:4)
  6 goblins (D:4)
  4 hobgoblins (D:4)
  6 jackals
  2 quokkas (D:4)
  2 bats
  2 frilled lizards
  A jackal skeleton (D:5)
  A kobold (D:2)
  A leopard gecko zombie (D:5)
  A quokka zombie (D:6)
  A rat (D:3)
116 creatures vanquished.

Vanquished Creatures (others)
  3 fungi (D:6)
3 creatures vanquished.

Grand Total: 119 creatures vanquished

Notes
Turn   | Place    | Note
-------+----------+-------------------------------------------
     0 | D:1      | EnegeticOcto the Deep Dwarf Fighter began the quest for the
                  | Orb.
     0 | D:1      | Reached XP level 1. HP: 20/20 MP: 1/1
   189 | D:3      | Noticed an orc priest
   196 | D:3      | Killed an orc priest
   196 | D:3      | Reached XP level 2. HP: 12/28 MP: 2/2
   196 | D:3      | Reached XP level 3. HP: 15/34 MP: 3/3
   239 | D:4      | Noticed Duvessa
   239 | D:4      | Noticed Dowan
   260 | D:4      | Killed Duvessa
   260 | D:4      | Reached XP level 4. HP: 17/42 MP: 4/4
   260 | D:4      | Reached XP level 5. HP: 20/49 MP: 5/5
   281 | D:4      | Killed Dowan
   372 | D:4      | Noticed Robin
   386 | D:4      | Killed Robin
   561 | D:4      | Noticed Eustachio
   666 | D:4      | Killed Eustachio
   666 | D:4      | Reached skill level 5 in Axes
   666 | D:4      | Reached XP level 6. HP: 56/57 MP: 4/4
   691 | D:4      | Noticed Menkaure
   696 | D:4      | Killed Menkaure
   953 | D:5      | Entered Level 5 of the Dungeon
   961 | D:5      | Reached XP level 7. HP: 63/64 MP: 5/5
  1068 | D:5      | Reached skill level 5 in Shields
  1085 | D:5      | Reached skill level 5 in Armour
  1572 | D:6      | Reached XP level 8. HP: 68/73 MP: 6/6
  1649 | D:6      | Found Zin's Purification Station.
  1652 | D:6      | Found a glowing silver altar of Zin.
  1767 | D:6      | Reached skill level 5 in Fighting
  1971 | D:6      | Found a runed translucent door.
  1972 | D:6      | Noticed Crazy Yiuf
  2468 | D:7      | Gained mutation: You passively map the area around you.
                  | [Deep Dwarf growth]
  2468 | D:7      | Reached XP level 9. HP: 46/81 MP: 4/4
  2492 | D:7      | Found a staircase to the Ecumenical Temple.
  2602 | Temple   | Entered the Ecumenical Temple
  2836 | Temple   | Became a worshipper of Makhleb the Destroyer
  2960 | D:7      | Found Zism's Distillery.
  3295 | D:7      | Found a sparkling altar of Nemelex Xobeh.
  3436 | D:8      | Reached skill level 1 in Invocations
  3560 | D:8      | Mangled by an orc warrior

Illustrated notes

Levels and vault maps discovered:
D:1:      ebering_trefoil_3fold, layout_loops_ring, due_unseen_surprise
D:2:      layout_loops_ring, amethyst_killhole
D:3:      layout_basic
D:4:      layout_cave_pools, kennysheep_generic_room_16, uniq_eustachio,
          uniq_duvessa, uniq_robin, uniq_menkaure
D:5:      layout_loops_ring, minmay_bent
D:6:      layout_gridville, zin_purify, minivault_27, uniq_crazy_yiuf_cottage
D:7:      layout_basic, minmay_temple_entry_overgrown, serial_shops,
          kennysheep_mini, nemelex_spade_bored_becter
D:8:      layout_basic, hangedman_decor_growths
Temple:   roderic_octagonal_lattice_temple

Skill      XL: |  1  2  3  4  5  6  7  8  9 |
---------------+----------------------------+-----
Fighting       | 3 4 5 |  5.5
Axes           | 3 4 5 6 8 |  8.5
Armour         | 4 5 6 |  6.6
Shields        | 4 6 7 8 |  8.1
Invocations    | 1 |  1.9

Action                   |  1- 3 |  4- 6 |  7- 9 || total
-------------------------+-------+-------+-------++-------
Melee: War axe           |    41 |   122 |   399 ||   562
 Abil: Heal Wounds       |     1 |     6 |    16 ||    23
Evoke: Wand              |       |       |     1 ||     1
  Use: Scroll            |       |       |    10 ||    10
Armor: Scale mail        |    19 |    58 |       ||    77
       Chain mail        |       |       |    58 ||    58
       Plate armour      |       |       |   188 ||   188
Dodge: Dodged            |    14 |    37 |    50 ||   101
Block: Kite shield       |    29 |    76 |       ||   105
       Tower shield      |       |    17 |   525 ||   542

Table legend: (Time is in decaauts)
 A = Elapsed time spent in this place.
 B = Non-inter-level travel time spent in this place.
 C = Inter-level travel time spent in this place.
 D = Time resting spent in this place.
 E = Time spent auto-exploring this place.
 F = Levels seen in this place.
 G = Mean time per level.
                   A        B        C        D        E       F      G
               +--------+--------+--------+--------+--------+-----+--------+
         Total |   3720 |   3467 |    253 |      0 |   2361 |   9 |  413.3 |
       Dungeon |   3469 |   3256 |    213 |      0 |   2152 |   8 |  433.6 |
        Temple |    250 |    211 |     39 |      0 |    209 |   1 |  250.0 |
               +--------+--------+--------+--------+--------+-----+--------+

Top non-repeatable levels by time:
     D:7: 893 daAuts
     D:4: 760 daAuts
     D:6: 735 daAuts
     D:5: 633 daAuts
  Temple: 250 daAuts
     D:8: 194 daAuts
     D:2: 127 daAuts
     D:3: 102 daAuts
     D:1: 20 daAuts
